 Dungeon Sprint DCSS version 0.30-a0-802-gb92711bcdf (webtiles) character file.

Game seed: 17799902514166593649

3216 BigDaddyOpFi the Soothsayer (level 9, -2/78 HPs)
             Began as a Demonspawn Fighter on Feb 23, 2023.
             Was a Priest of Nemelex Xobeh.
             Slain by a guardian mummy (20 damage)
             ... in the Dungeon (Sprint VII: "The Pits").
             The game lasted 00:02:28 (1343 turns).

BigDaddyOpFi the Soothsayer (Demonspawn Fighter)    Turns: 1343, Time: 00:02:28

Health: -2/78      AC: 18    Str: 23    XL:     9   Next: 65%
Magic:  21/21      EV: 11    Int: 10    God:    Nemelex Xobeh [***...]
Gold:   0          SH:  6    Dex: 13    Spells: 8/8 levels left

rFire   . . .      SeeInvis .    q - +2 war axe (heavy)
rCold   . . .      Faith    .    c - +0 buckler
rNeg    . . .      Spirit   .    p - +4 chain mail
rPois   .          Reflect  .    o - +0 helmet
rElec   .          Harm     .    (no cloak)
rCorr   .          Rampage  .    (no gloves)
Will    .....      NoTele   +    (no boots) Stlth
                                 (no amulet)
HPRegen 0.33/turn                b - +3 ring of evasion
MPRegen 0.17/turn                l - +3 ring of strength

@: slowed, very slow
A: ignite blood 2, sharp scales 2, weakness stinger 1
a: Renounce Religion, Draw Escape, Draw Destruction, Draw Summoning, Triple Draw


You were in the Dungeon.
You worshipped Nemelex Xobeh.
Nemelex Xobeh was most pleased with you.
You visited 1 branch

Inventory:

Hand Weapons
 q - a +2 heavy war axe (weapon)
Armour
 c - a +0 buckler (worn)
 o - a +0 helmet (worn)
 p - a +4 chain mail (worn)
Jewellery
 b - a +3 ring of evasion (left hand)
 l - a +3 ring of strength (right hand)
Scrolls
 j - a scroll of blinking
Potions
 d - 7 potions of heal wounds
 e - 5 potions of curing
 g - 2 potions of haste
 h - 4 potions of magic
 i - 3 potions of berserk rage
 k - 2 potions of invisibility
 m - a potion of resistance
 n - 3 potions of mutation


   Skills:
 + Level 9.9 Fighting
 + Level 8.8 Axes
 + Level 9.2 Armour
 + Level 9.0 Shields
 * Level 16.4 Invocations


You had 8 spell levels left.
You didn't know any spells.
Your spell library was empty.

Dungeon Overview and Level Annotations

Branches:
Dungeon (1/1)

Altars:
Ashenzari
Cheibriados
Dithmenos
Fedhas
Gozag
Hepliaklqana
Kikubaaqudgha
Makhleb
Nemelex Xobeh
Okawaru
Qazlal
Ru
Sif Muna
Trog
Uskayaw
Vehumet
Wu Jian
Xom
Yredelemnul
Jiyva
Lugonu


Innate Abilities, Weirdness & Mutations

Your demonic aura often causes spilled blood to erupt in flames.
You are mostly covered in razor-sharp scales. (AC +2, Slay +2)
You have a small tail.


Message History

You hit the guardian mummy.
The guardian mummy is lightly damaged.
You slash something! Something hits you. Something hits you!!
The guardian mummy hits you but does no damage.
Something hits you! Something drains your vigour!
You feel as though you will be slow longer.
You block the guardian mummy's attack.
You slash the guardian mummy!
The guardian mummy is moderately damaged.
You slash something! Something hits you!
* * * LOW HITPOINT WARNING * * *
The guardian mummy barely misses you. You block something's attack.
You block the guardian mummy's attack.
You feel much better. Something hits you but does no damage.
The guardian mummy hits you but does no damage.
Something hits you! Something drains your vigour!
You feel as though you will be slow longer.
You barely miss the guardian mummy.
The guardian mummy is moderately damaged.
You slice something!!
Reactivating autopickup.
You feel a bit more experienced. You block the guardian mummy's attack.
The guardian mummy barely misses you.
Your Armour skill increases to level 9!
Your Shields skill increases to level 9!
Your Invocations skill increases to level 16!
You hit the guardian mummy.
The guardian mummy is heavily damaged.
The guardian mummy misses you.
The guardian mummy hits you but does no damage.
You completely miss the guardian mummy.
The guardian mummy is heavily damaged.
The guardian mummy barely misses you. The guardian mummy hits you!
You barely miss the guardian mummy.
The guardian mummy is heavily damaged.
The guardian mummy hits you!
* * * LOW HITPOINT WARNING * * *
The guardian mummy hits you!!
You die...
Your body glows slightly and disappears.

..#))#####'#####''######
###))##.......##''#####
..#))##.......##......#
..#..##.......##...)###
..#'###...<...##..)##
.....##.......##..##
.....##.......##).# #
#######.......##..#..#..
..#.. ##########@M'..'..
..#.############..#..#..
..#.#....#..[[##..#..#
#.#รท#....#....##..# ..#
..#.'....'..)[##... #.'.
..#'#....#..))##.... ##.
..'.#....#..))##....
#####################


You could see a guardian mummy.

Vanquished Creatures
  A two-headed ogre (D)
  A shadow wraith (D)
  A flayed ghost (D)
  A rime drake (D)
  A merfolk (D)
  A warg (D)
  An acid dragon (D)
  A water moccasin (D)
  2 floating eyes (D)
  2 ice beasts (D)
  An ogre (D)
  A wolf (D)
  2 phantoms (D)
  A kobold brigand (D)
  A small abomination (D)
  A river rat (D)
  3 ufetubi (D)
  An adder skeleton (D)
  3 orcs (D)
  A ball python skeleton (D)
  A bat (D)
  A quokka skeleton (D)
  A rat (D)
30 creatures vanquished.

Notes
Turn   | Place    | Note
-------+----------+-------------------------------------------
     0 | D        | BigDaddyOpFi the Demonspawn Fighter began the quest for the
                  | Orb.
     0 | D        | Reached XP level 1. HP: 18/18 MP: 1/1
    23 | D        | Found a bloodstained altar of Trog.
    23 | D        | Found a shimmering blue altar of Sif Muna.
    23 | D        | Found a viscous altar of Jiyva.
    23 | D        | Found a hazy altar of Hepliaklqana.
    23 | D        | Found an opulent altar of Gozag.
    24 | D        | Found a basalt altar of Yredelemnul.
    24 | D        | Found a shimmering altar of Xom.
    24 | D        | Found an ornate altar of the Wu Jian Council.
    24 | D        | Found a sacrificial altar of Ru.
    24 | D        | Found a stormy altar of Qazlal.
    24 | D        | Found an iron altar of Okawaru.
    24 | D        | Found a sparkling altar of Nemelex Xobeh.
    24 | D        | Found a burning altar of Makhleb.
    24 | D        | Found a blossoming altar of Fedhas.
    24 | D        | Found a shadowy altar of Dithmenos.
    24 | D        | Found a snail-covered altar of Cheibriados.
    25 | D        | Found a radiant altar of Vehumet.
    25 | D        | Found a corrupted altar of Lugonu.
    26 | D        | Found an ancient bone altar of Kikubaaqudgha.
    26 | D        | Found a hide-covered altar of Uskayaw.
    26 | D        | Found a broken altar of Ashenzari.
    31 | D        | Became a worshipper of Nemelex Xobeh the Trickster
    70 | D        | Reached skill level 2 in Invocations
    70 | D        | Gained mutation: You are partially covered in razor-sharp
                  | scales. (AC +1, Slay +1) [demonic ancestry]
    70 | D        | Reached XP level 2. HP: 24/25 MP: 1/3
    75 | D        | Reached skill level 3 in Invocations
    81 | D        | Noticed a floating eye
    83 | D        | Gained mutation: You have a small tail. [demonic ancestry]
    83 | D        | Reached XP level 3. HP: 29/30 MP: 2/5
    83 | D        | Killed a floating eye
    84 | D        | Reached skill level 5 in Fighting
    84 | D        | Reached skill level 6 in Invocations
    84 | D        | Reached XP level 4. HP: 36/39 MP: 2/9
    90 | D        | Reached * piety under Nemelex Xobeh
   159 | D        | Noticed a wolf
   159 | D        | Noticed an ice beast
   159 | D        | Noticed an ice beast
   159 | D        | Noticed an ogre
   166 | D        | Killed an ogre
   167 | D        | Reached skill level 5 in Armour
   167 | D        | Reached skill level 5 in Shields
   167 | D        | Reached skill level 8 in Invocations
   167 | D        | Gained mutation: Your demonic aura sometimes causes spilled
                  | blood to erupt in flames. [demonic ancestry]
   167 | D        | Reached XP level 5. HP: 35/46 MP: 9/11
   169 | D        | Killed a wolf
   170 | D        | Reached skill level 5 in Axes
   170 | D        | Reached skill level 9 in Invocations
   170 | D        | Reached XP level 6. HP: 40/52 MP: 9/12
   173 | D        | Killed an ice beast
   174 | D        | Reached skill level 10 in Invocations
   176 | D        | Received a gift from Nemelex Xobeh
   177 | D        | Killed an ice beast
   361 | D        | Noticed an acid dragon
   371 | D        | Killed an acid dragon
   372 | D        | Reached skill level 11 in Invocations
   372 | D        | Gained mutation: You are mostly covered in razor-sharp
                  | scales. (AC +2, Slay +2) [demonic ancestry]
   372 | D        | Reached XP level 7. HP: 36/60 MP: 15/15
   653 | D        | Paralysed by a floating eye for 4 turns
   664 | D        | Paralysed by a floating eye for 3 turns
   672 | D        | Paralysed by a floating eye for 4 turns
   673 | D        | Reached skill level 12 in Invocations
   681 | D        | Paralysed by a floating eye for 3 turns
   790 | D        | Reached ** piety under Nemelex Xobeh
   790 | D        | Noticed a rime drake
   799 | D        | Killed a rime drake
   800 | D        | Reached skill level 13 in Invocations
   800 | D        | Reached XP level 8. HP: 31/68 MP: 16/18
  1089 | D        | Noticed a merfolk
  1091 | D        | Killed a merfolk
  1092 | D        | Reached skill level 14 in Invocations
  1095 | D        | Noticed a two-headed ogre
  1096 | D        | Noticed a flayed ghost
  1100 | D        | Killed a two-headed ogre
  1101 | D        | Reached skill level 15 in Invocations
  1101 | D        | Gained mutation: Your demonic aura often causes spilled
                  | blood to erupt in flames. [demonic ancestry]
  1101 | D        | Reached XP level 9. HP: 31/76 MP: 18/20
  1104 | D        | Killed a flayed ghost
  1333 | D        | Noticed a guardian mummy
  1334 | D        | Reached *** piety under Nemelex Xobeh
  1335 | D        | Received a gift from Nemelex Xobeh
  1340 | D        | Killed a shadow wraith
  1341 | D        | Reached skill level 16 in Invocations
  1343 | D        | Slain by a guardian mummy

Illustrated notes

Levels and vault maps discovered:
D:        pitsprint [storerooms_1, entrance_room_1, metal_vault_6, armoury_2,
          mini_pit_1, grid_room_1, main_hall_1, silver_pit, the_coven_1,
          the_vestibule_1, steel_vault_2, golden_pit, hallway_of_sentries,
          crystal_vault_4, iron_vault_2, final_vault]

Skill      XL: |  1  2  3  4  5  6  7  8  9 |
---------------+----------------------------+-----
Axes           | 2 4 5 6 7 8 |  8.8
Armour         | 3 4 5 6 7 8 9 |  9.2
Shields        | 3 4 5 6 7 8 9 |  9.0
Invocations    | 2 3 6 8 9 11 13 15 16 | 16.4
Fighting       | 4 5 6 7 8 9 |  9.9

Action                     |  1- 3 |  4- 6 |  7- 9 || total
---------------------------+-------+-------+-------++-------
  Melee: War axe           |    20 |    23 |    50 ||    93
         Tailslap          |     1 |     5 |    10 ||    16
 Invoke: Draw Destruction  |       |       |     3 ||     3
         Draw Summoning    |       |       |     1 ||     1
    Use: Potion            |     3 |     2 |     1 ||     6
 Armour: Scale mail        |    15 |       |       ||    15
         Ring mail         |       |    11 |    22 ||    33
         Chain mail        |       |       |     7 ||     7
  Dodge: Dodged            |    19 |    13 |    27 ||    59
  Block: Buckler           |    11 |     8 |    12 ||    31

Table legend: (Time is in decaauts)
 A = Elapsed time spent in this place.
 B = Non-inter-level travel time spent in this place.
 C = Inter-level travel time spent in this place.
 D = Time resting spent in this place.
 E = Time spent auto-exploring this place.
 F = Levels seen in this place.
 G = Mean time per level.
                   A        B        C        D        E       F      G
               +--------+--------+--------+--------+--------+-----+--------+
         Total |   1382 |   1318 |     64 |    957 |      0 |   1 | 1382.0 |
       Dungeon |   1382 |   1318 |     64 |    957 |      0 |   1 | 1382.0 |
               +--------+--------+--------+--------+--------+-----+--------+

Top non-repeatable levels by time:
       D: 1382 daAuts
